 Dungeon Crawl Stone Soup version 0.26-a0-639-g72c4674329 (webtiles) character file.

Game seed: 5526824442700433422

14 MrRokkomies the Sneak (level 2, 0/26 HPs)
             Began as a Demigod Delver on Sept 15, 2020.
             Succumbed to an orc's poison
             ... on level 3 of the Dungeon.
             The game lasted 00:00:32 (170 turns).

MrRokkomies the Sneak (Demigod Delver)               Turns: 170, Time: 00:00:32

Health: 0/26       AC:  3    Str: 15    XL:     2   Next: 15%
Magic:  4/4        EV: 12    Int: 14    God:
Gold:   12         SH:  0    Dex: 17    Spells: 1/1 levels left

rFire    . . .     SeeInvis .   a - +0 falchion
rCold    . . .     Faith    .   (no shield)
rNeg     . . .     Spirit   .   b - +0 leather armour
rPois    .         Reflect  .   (no helmet)
rElec    .         Harm     .   (no cloak)
rCorr    .         Rampage  .   (no gloves)
MR       .....                  (no boots)
Stlth    +++.......             (no amulet)
HPRegen  0.08/turn              (no ring)
MPRegen  0.09/turn              (no ring)

@: lethally poisoned (0 -> -5)
A: high mp 1
a: no special abilities


You were on level 3 of the Dungeon.
You visited 1 branch of the dungeon, and saw 3 of its levels.

You collected 12 gold pieces.

Inventory:

Hand Weapons
 a - a +0 falchion (weapon)
 h - a +1 dagger of venom
Armour
 b - a +0 leather armour (worn)
Wands
 g - a wand of digging (3)
Scrolls
 c - a scroll of fog
 d - a scroll of magic mapping
 e - a scroll of fear
Potions
 f - a potion of haste


   Skills:
 * Level 3.0 Fighting
 * Level 2.2 Long Blades
 + Level 2.0 Dodging
 - Level 4.5 Stealth


You had one spell level left.
You didn't know any spells.
Your spell library was empty.

Dungeon Overview and Level Annotations

Branches:
Dungeon (5/15)
 Temple: D:4-7


Innate Abilities, Weirdness & Mutations

You have an increased reservoir of magic. (+10% MP)


Message History

You kill the orc!
Your Fighting skill increases to level 3!
Your Dodging skill increases to level 2!
You have reached level 2!
* * * LOW HITPOINT WARNING * * *
You feel sick. The dart slug bites you.
* * * LOW HITPOINT WARNING * * *
You hit the dart slug.
You kill the dart slug!
* * * LOW HITPOINT WARNING * * *
You feel sick.
Okay, then.
Things that are here:
a +1 dagger of venom; an orc corpse
h - a +1 dagger of venom
* * * LOW HITPOINT WARNING * * *
You feel sick.
* * * LOW HITPOINT WARNING * * *
You feel sick.
You die...

###.........#
...........+
#.........#
#.....†(†.#
#.........# ?.
#.........# #.
#.........# #.
#.........# #.
#..@......#
#.##.........#
#..#.#########
#.#.# #...#
### ##..#
.....#..#####
........>....#
.............#


There were no monsters in sight!

Vanquished Creatures
  An adder (D:4)
  A dart slug (D:3)
  An orc (D:3)
3 creatures vanquished.

Notes
Turn   | Place    | Note
-------+----------+-------------------------------------------
     0 | D:5      | MrRokkomies the Demigod Delver began the quest for the Orb.
     0 | D:5      | Reached XP level 1. HP: 18/18 MP: 3/3
    20 | D:5      | Found a sparkling altar of Nemelex Xobeh.
   162 | D:3      | Reached XP level 2. HP: 6/26 MP: 4/4
   167 | D:3      | HP: 1/26 [poisoned by an orc]
   170 | D:3      | Succumbed to an orc's poison

Illustrated notes

Levels and vault maps discovered:
D:3:      layout_basic, lemuel_crystal_altar, uniq_terence, uniq_natasha
D:4:      layout_gridville, serial_shops, shop, roderic_three_in_a_row
D:5:      layout_gridville, minmay_temple_entry_enclosed_plants,
          kennysheep_another_room, grunt_ministairs_4,
          nemelex_lonely_heart_becter

Skill      XL: |  1 |
---------------+----+-----
Long Blades    | 2 |  2.2
Fighting       | 3 |  3.0
Dodging        | 2 |  2.0
Stealth        | |  4.5

Action                   || total
-------------------------++-------
Melee: Falchion          ||    11
Armor: Leather armour    ||     2
Dodge: Dodged            ||     8
       Rpst.: Falchion   ||     3

Table legend: (Time is in decaauts)
 A = Elapsed time spent in this place.
 B = Non-inter-level travel time spent in this place.
 C = Inter-level travel time spent in this place.
 D = Time resting spent in this place.
 E = Time spent auto-exploring this place.
 F = Levels seen in this place.
 G = Mean time per level.
                   A        B        C        D        E       F      G
               +--------+--------+--------+--------+--------+-----+--------+
         Total |    172 |    171 |      1 |      0 |    131 |   3 |   57.3 |
       Dungeon |    172 |    171 |      1 |      0 |    131 |   3 |   57.3 |
               +--------+--------+--------+--------+--------+-----+--------+

Top non-repeatable levels by time:
     D:4: 117 daAuts
     D:5: 29 daAuts
     D:3: 26 daAuts
